 Dungeon Crawl Stone Soup version 0.18.1-6-gd335043 (webtiles) character file.

77 stauk the Magician (level 4, -2/24 HPs)
             Began as a Kobold Wizard on May 17, 2016.
             Killed from afar by Natasha (9 damage)
             ... with a magic dart
             ... on level 1 of the Dungeon.
             The game lasted 00:47:23 (3866 turns).

stauk the Magician (Kobold Wizard)                  Turns: 3866, Time: 00:47:23

Health: -2/24      AC:  2    Str:  5    XL:     4   Next: 60%
Magic:  2/10       EV: 15    Int: 22    God:
Gold:   106        SH:  0    Dex: 14    Spells: 5 memorised, 1 level left

rFire  . . .     SeeInvis .     h - +0 short sword
rCold  . . .     Gourm    .     a - +0 robe
rNeg   . . .     Faith    .     (shield restricted)
rPois  .         Spirit   .     b - +0 hat
rElec  .         Dismiss  .     (no cloak)
rCorr  .         Reflect  .     (no gloves)
SustAt .         Harm     .     (no boots)
MR     .....                    (no amulet)
Stlth  ++........               (no ring)
                                j - +5 ring of intelligence

@: not resistant to hostile enchantments, unstealthy
A: carnivore 3
a: no special abilities


You were on level 1 of the Dungeon.
You were completely stuffed.

You visited 1 branch of the dungeon, and saw 2 of its levels.

You collected 106 gold pieces.

Inventory:

Hand Weapons
 h - a +0 short sword (weapon)
 o - a +0 spear
 p - a +0 hunting sling
Missiles
 i - 47 stones (quivered)
 r - 18 sling bullets
Armour
 a - a +0 robe (worn)
 b - a +0 hat (worn)
 k - a +0 robe
 m - a +0 robe
 q - a +0 leather armour
Jewellery
 j - a +5 ring of intelligence (left hand)
Scrolls
 e - 4 scrolls of identify {unknown}
 f - a scroll of remove curse {unknown}
 l - a scroll of enchant armour {unknown}
Books
 c - a book of Minor Magic

   Spells                             Type                      Level
   a - Magic Dart                     Conjuration                  1
   b - Blink                          Translocation                2
   c - Call Imp                       Summoning                    2
   d - Repel Missiles                 Charms/Air                   2
   e - Slow                           Hexes                        2
   f - Conjure Flame                  Conjuration/Fire             3
   g - Mephitic Cloud                 Conjuration/Poison/Air       3
Comestibles
 d - a meat ration
 g - a bread ration
 n - 3 chunks of flesh


   Skills:
 - Level 2.4 Dodging
 - Level 2.6 Stealth
 + Level 4.7 Spellcasting
 - Level 0.8 Conjurations
 - Level 1.0 Summonings
 - Level 1.0 Translocations


You had one spell level left.
You knew the following spells:

 Your Spells              Type           Power        Failure   Level  Hunger
a - Magic Dart            Conj           #...         10%         1    None
b - Call Imp              Summ           #.......     12%         2    None
c - Blink                 Tloc           N/A          12%         2    None
d - Mephitic Cloud        Conj/Pois/Air  #.......     34%         3    ##.....
e - Conjure Flame         Conj/Fire      #.......     28%         3    ##.....


Dungeon Overview and Level Annotations

Branches:
Dungeon (2/15)

Altars:

Annotations:
D:1 Natasha


Innate Abilities, Weirdness & Mutations

You are small and have problems with some larger weapons.
You are carnivorous and can eat meat at any time.


Message History

The bat closely misses you.
Casting: Blink
Confirm with . or Enter, or press ? or * to list all spells.
You blink.
The bat hits you.
* * * LOW HITPOINT WARNING * * *
The bat barely misses you. The bat closely misses you.
There is an open door here.
The bat barely misses you. The bat completely misses you.
The bat hits you but does no damage. The bat closely misses you.
The bat barely misses you. The bat closely misses you. The bat misses you.
Natasha howls an incantation.
Natasha shimmers violently.
Natasha casts a spell at you. The magic dart hits you!
You die...

#.......####...5...####....
##........##.......##......
####.....###.....###.....#
#.....# ###5### #......
#....## ##.## ##..... #....#
###h5.### #.....
#...####.......####....
#...##...........##....
#..#..@b.##..#.....#..#
#........###..........#
###################.#####..###
#...........#.............##
#.#########.#.#########.###
#.# #.............# #.#####
###.########..# #.....# #.#
#..# #####.# #.# #..#


You could see Natasha, a shadow imp and a bat.

Vanquished Creatures
  An adder (D:2)
  2 oozes (D:1)
  2 dart slugs (D:2)
  A giant gecko (D:1)
  A giant cockroach (D:1)
  A goblin (D:1)
  2 hobgoblins
  6 bats
  A giant newt (D:1)
  7 kobolds
  6 rats
30 creatures vanquished.

Vanquished Creatures (collateral kills)
  Natasha (D:2)
  An adder (D:1)
  3 dart slugs (D:1)
  A giant gecko (D:1)
  A giant cockroach (D:2)
  5 goblins (D:1)
  2 hobgoblins (D:1)
  A giant newt (D:1)
  A kobold (D:1)
  A rat (D:2)
17 creatures vanquished.

Grand Total: 47 creatures vanquished

Notes
Turn   | Place    | Note
--------------------------------------------------------------
     0 | D:1      | stauk the Kobold Wizard began the quest for the Orb.
     0 | D:1      | Reached XP level 1. HP: 10/10 MP: 4/4
   266 | D:1      | Reached XP level 2. HP: 10/15 MP: 1/6
   413 | D:1      | Learned a level 2 spell: Call Imp
   416 | D:1      | Learned a level 2 spell: Blink
   872 | D:1      | Reached XP level 3. HP: 19/19 MP: 5/8
  1256 | D:1      | Reached skill level 4 in Spellcasting
  2228 | D:2      | Noticed Natasha
  3168 | D:2      | Reached XP level 4. HP: 22/24 MP: 2/10
  3282 | D:2      | Learned a level 3 spell: Mephitic Cloud
  3286 | D:2      | Learned a level 3 spell: Conjure Flame
  3339 | D:2      | Killed Natasha
  3628 | D:2      | Noticed Natasha
  3866 | D:1      | Killed from afar by Natasha

Skill      XL: |  1  2  3 |
---------------+----------+-----
Spellcasting   | 4 |  4.7
Dodging        | |  2.4
Stealth        | |  2.6
Conjurations   | |  0.8
Summonings     | |  1.0
Translocations | |  1.0

Action                   |  1- 3 |  4- 6 || total
-------------------------+-------+-------++-------
Melee: Short sword       |    23 |    18 ||    41
       Unarmed           |     1 |       ||     1
       Spear             |    12 |     2 ||    14
 Cast: Magic Dart        |    49 |    11 ||    60
       Call Imp          |    22 |     3 ||    25
       Blink             |     3 |     4 ||     7
       Mephitic Cloud    |       |     4 ||     4
 Stab: Sleeping          |     2 |       ||     2
       Confused          |       |     1 ||     1
  Eat: Chunk             |    13 |     5 ||    18
Armor: Robe              |    15 |     9 ||    24
Dodge: Dodged            |    61 |    38 ||    99
